 Dungeon Crawl Stone Soup version 0.26-a0-996-g6b303dbc09 (webtiles) character file.

Game seed: 214319681971805248

6 Gunnblindi the Skirmisher (level 1, -1/24 HPs)
             Began as an Ogre Berserker on Dec 6, 2020.
             Was a Follower of Trog.
             Slain by a leopard gecko (3 damage)
             ... on level 1 of the Dungeon on Dec 17, 2020.
             The game lasted 00:05:31 (795 turns).

Gunnblindi the Skirmisher (Ogre Berserker)           Turns: 795, Time: 00:05:32

Health: -1/24      AC:  3    Str: 20    XL:     1   Next: 90%
Magic:  1/1        EV: 10    Int:  8    God:    Trog [*.....]
Gold:   25         SH:  0    Dex:  8    Spells: 0/0 levels left

rFire    . . .     SeeInvis .   a - +0 mace
rCold    . . .     Faith    .   (no shield)
rNeg     . . .     Spirit   .   b - +0 animal skin
rPois    .         Reflect  .   (helmet restricted)
rElec    .         Harm     .   (no cloak)
rCorr    .         Rampage  .   (gloves unavailable)
MR       .....                  (boots unavailable)
Stlth    +.........             (no amulet)
HPRegen  0.08/turn              (no ring)
MPRegen  0.07/turn              (no ring)

@: no status effects
A: large, unfitting armour, tough skin 1
a: Berserk, Renounce Religion


You were on level 1 of the Dungeon.
You worshipped Trog.
Trog was aware of your devotion.
You visited 1 branch of the dungeon, and saw 1 of its levels.

You collected 25 gold pieces.

Inventory:

Hand Weapons
 a - a +0 mace (weapon)
 c - a +0 club
Armour
 b - a +0 animal skin (worn)


   Skills:
 + Level 4.2 Fighting
 + Level 2.9 Maces & Flails
 + Level 2.8 Dodging


You couldn't memorise any spells.
You didn't know any spells.
Your spell library was empty.

Dungeon Overview and Level Annotations

Branches:
Dungeon (1/15)

Altars:


Innate Abilities, Weirdness & Mutations

You are too large for most types of armour.
You have tough skin. (AC +1)


Message History

You see here a rat corpse.
There is a stone staircase leading down here.
Found 16 gold pieces.
You now have 25 gold pieces (gained 16).
A leopard gecko comes into view.
The leopard gecko hisses angrily.
The leopard gecko bites you.
You closely miss the leopard gecko. The leopard gecko bites you. x2
You closely miss the leopard gecko. The leopard gecko bites you. x2
You closely miss the leopard gecko. The leopard gecko bites you.
You closely miss the leopard gecko. The leopard gecko bites you.
* * * LOW HITPOINT WARNING * * *
The leopard gecko bites you.
* * * LOW HITPOINT WARNING * * *
The leopard gecko bites you.
* * * LOW HITPOINT WARNING * * *
The leopard gecko closely misses you.
You miss the leopard gecko. The leopard gecko closely misses you.
You barely miss the leopard gecko. The leopard gecko bites you.
You die...

######## ####......#
####### #.......#.#
......# #.##.##@#.#
#####.####.##.##l..#
#.........##..## ##
######.#####..# .#
#.#####..## ##
#.........#
..#.####..# ..#.#
..# ## ...# # ..#


You could see a leopard gecko.

Vanquished Creatures
  A bat (D:1)
  A goblin (D:1)
  2 hobgoblins (D:1)
  A rat (D:1)
  A bush (D:1)
6 creatures vanquished.

Vanquished Creatures (others)
  A plant (D:1)
1 creature vanquished.

Grand Total: 7 creatures vanquished

Notes
Turn   | Place    | Note
-------+----------+-------------------------------------------
     0 | D:1      | Gunnblindi the Ogre Berserker began the quest for the Orb.
     0 | D:1      | Reached XP level 1. HP: 24/24 MP: 1/1
   789 | D:1      | HP: 1/24 [leopard gecko (2)]
   795 | D:1      | Slain by a leopard gecko

Illustrated notes

Levels and vault maps discovered:
D:1:      tarquinn_simple_flora_water_f, layout_loops_cross, serial_forest,
          infiniplex_forest_corner_1, infiniplex_forest_diagonal,
          infiniplex_forest_end_3, infiniplex_forest_corner_2,
          infiniplex_forest_diagonal, minmay_strange_pillars

Action                   || total
-------------------------++-------
Melee: Mace              ||   120
Armor: Animal skin       ||     2
Dodge: Dodged            ||     4

Table legend: (Time is in decaauts)
 A = Elapsed time spent in this place.
 B = Non-inter-level travel time spent in this place.
 C = Inter-level travel time spent in this place.
 D = Time resting spent in this place.
 E = Time spent auto-exploring this place.
 F = Levels seen in this place.
 G = Mean time per level.
                   A        B        C        D        E       F      G
               +--------+--------+--------+--------+--------+-----+--------+
         Total |    826 |    826 |      0 |    400 |      0 |   1 |  826.0 |
       Dungeon |    826 |    826 |      0 |    400 |      0 |   1 |  826.0 |
               +--------+--------+--------+--------+--------+-----+--------+

Top non-repeatable levels by time:
     D:1: 826 daAuts
